 Dungeon Crawl Stone Soup version 0.29-a0-920-g5d2155ec51 (webtiles) character file.

Game seed: 7082498487055526867

313 Ajdolov the Digger (level 6, 0/45 HPs)
             Began as a Ghoul Earth Elementalist on July 27, 2022.
             Slain by a ball python (3 damage)
             ... in a sewer.
             The game lasted 00:04:34 (3851 turns).

Ajdolov the Digger (Ghoul Earth Elementalist)       Turns: 3851, Time: 00:04:35

Health: 0/45       AC:  3    Str: 12    XL:     6   Next: 43%
Magic:  6/9        EV:  9    Int: 12    God:
Gold:   175        SH:  0    Dex:  9    Spells: 7/11 levels left

rFire   . . .      SeeInvis .   m - +0 spear
rCold   + . .      Faith    .   (no shield)
rNeg    + + +      Spirit   .   a - +0 robe
rPois   ∞          Reflect  .   (no helmet)
rElec   .          Harm     .   (no cloak)
rCorr   .          Rampage  .   (no gloves)
Will    .....                   i - +0 pair of boots
Stlth   ++........              (no amulet)
HPRegen 0.00/turn               (no ring)
MPRegen 0.11/turn               (no ring)

@: inhibited regen, constricted
A: claws 1, cold resistance 1, negative energy resistance 3, inhibited
regeneration, torment resistance 2, devour on kill
a: no special abilities


You were in a sewer.
You visited 1 branch of the dungeon, and saw 3 of its levels.
You also visited: Sewer.

You collected 175 gold pieces.

Inventory:

Hand Weapons
 m - a +0 spear (weapon)
Missiles
 e - a throwing net
Armour
 a - a +0 robe (worn)
 i - a +0 pair of boots (worn)
Scrolls
 d - 4 scrolls of identify {unknown}
 h - 2 scrolls of teleportation {unknown}
 j - a scroll of immolation {unknown}
 n - a scroll of blinking
Potions
 b - 2 potions of magic
 c - a potion of invisibility {unknown}
 f - 2 potions of heal wounds {unknown}
 g - a potion of resistance {unknown}
 k - a potion of cancellation {unknown}
 l - a potion of attraction {unknown}
 o - a potion of haste {unknown}
 p - a potion of lignification {unknown}


   Skills:
 - Level 1.7 Dodging
 - Level 2.1 Stealth
 + Level 3.0 Spellcasting
 - Level 0.8 Transmutations
 - Level 7.0 Earth Magic


You had 7 spell levels left.
You knew the following spells:

 Your Spells              Type           Power      Damage    Failure   Level
a - Sandblast             Erth           36%        2d10      1%          1
b - Stone Arrow           Conj/Erth      20%        3d8       17%         3

Your spell library contained the following spells:

 Spells                   Type           Power      Damage    Failure   Level
 Passwall                 Tmut/Erth      9%         N/A       8%          2
 Sting                    Tmut/Pois      8%         1d3       21%         1
 Poisonous Vapours        Pois/Air       2%         N/A       36%         2
 Petrify                  Tmut/Erth      11%        N/A       43%         4
 Olgreb's Toxic Radiance  Pois           1%         N/A       94%         4


Dungeon Overview and Level Annotations

Branches:
Dungeon (3/15)              Sewer (1/1)

Altars:


Innate Abilities, Weirdness & Mutations

You are immune to poison.
You have sharp fingernails.
Your flesh is cold resistant. (rC+)
You are immune to negative energy. (rN+++)
You do not regenerate when monsters are visible.
You are immune to unholy pain and torment.
You thrive by killing the living.


Message History

The ball python constricts you.
The bullfrog releases a deep croak.
The bullfrog closely misses you. The ball python bites you.
The ball python constricts you.
The blast of sand misses the ball python.
The bullfrog hits you. The bullfrog barely misses you.
The ball python barely misses you. The ball python constricts you.
The bullfrog barely misses you.
The ball python bites you but does no damage.
The ball python constricts you.
The frilled lizard bites you but does no damage.
The ball python's grasp on you weakens, but your attempt to escape fails.
The bullfrog hits you. The ball python bites you.
The ball python constricts you. The frilled lizard bites you.
The bullfrog hits you but does no damage.
Unknown command.
You escape the ball python's grasp.
The frilled lizard attacks as you move away!
The frilled lizard closely misses you. The bullfrog attacks as you move away!
The bullfrog hits you. x3
* * * LOW HITPOINT WARNING * * *
The frilled lizard barely misses you. The bullfrog hits you.
* * * LOW HITPOINT WARNING * * *
The bullfrog hits you.
* * * LOW HITPOINT WARNING * * *
You see here an adder corpse.
Unknown command.
Aiming: Sandblast (safe; 1% risk of failure)
Press: ? - help, Q - select action, (/) - cycle Shift-Dir - straight line, f - bullfrog, p - ball python
Aim: a bullfrog (moderately wounded, 77% to hit)
The blast of sand hits the bullfrog!
The bullfrog is severely wounded.
The ball python barely misses you. The ball python grabs you.
The ball python constricts you.
* * * LOW HITPOINT WARNING * * *
The bullfrog completely misses you. The ball python closely misses you.
The ball python constricts you. The bullfrog barely misses you.
The ball python bites you.
You die...

##≈≈.##≈≈≈##≈≈≈..≈≈≈≈≈
##≈≈≈##≈
#..≈†#≈≈†≈#≈≈≈.[?).≈.≈ #≈.≈.#.
#∩.†≈#≈.≈≈#.≈.?!?.≈≈≈. #....#≈
#.≈≈.#.≈≈≈#≈≈≈.$.≈.≈.≈ #≈≈≈≈#≈
##≈..##≈≈≈#≈≈≈.≈≈≈≈≈≈≈
##.≈≈##≈
#≈≈≈.#.≈.#≈≈.≈≈.≈≈≈≈≈##†.≈≈#≈≈
##≈≈≈##≈≈##≈J#≈≈.≈≈###†≈≈.##.≈
#≈≈≈.##††#lF#######.†≈≈≈##≈≈.
##≈≈≈≈#≈†##S@..≈.≈≈.≈.###≈≈≈≈
##≈≈.≈≈≈≈#..≈.≈≈≈≈####≈.≈.≈#
####≈.≈#######≈∩≈#≈≈≈≈.≈≈##
##≈.#≈≈.≈≈#####.≈≈.#####
####≈≈≈≈≈≈≈≈≈†≈####≈≈∩#
#≈≈≈#########≈.†..##
#≈≈..≈≈≈≈≈≈≈.†∩.###
#.≈≈≈..≈.≈..#####
#############


You could see a bullfrog, an endoplasm, a ball python and a frilled lizard.

Vanquished Creatures
  A necrophage (D:2)
  Jessica (D:2)
  Robin (D:2)
  5 adders
  4 gnolls (D:2)
  A worm (D:3)
  4 dart slugs (D:1)
  14 ball pythons
  14 endoplasms
  15 giant cockroaches
  14 goblins
  8 hobgoblins
  2 jackals (D:2)
  6 quokkas
  6 bats (D:1)
  12 frilled lizards
  2 kobolds
  5 rats (D:1)
115 creatures vanquished.

Notes
Turn   | Place    | Note
-------+----------+-------------------------------------------
     0 | D:1      | Ajdolov the Ghoul Earth Elementalist began the quest for
                  | the Orb.
     0 | D:1      | Reached XP level 1. HP: 14/14 MP: 2/2
   297 | D:1      | Reached XP level 2. HP: 20/20 MP: 1/3
   398 | D:1      | Reached skill level 4 in Earth Magic
   862 | D:1      | Reached XP level 3. HP: 26/26 MP: 0/4
  1113 | D:1      | You fall into a shaft and drop 1 floor!
  1314 | D:2      | Noticed a necrophage
  1330 | D:2      | Killed a necrophage
  1331 | D:2      | Reached skill level 5 in Earth Magic
  1331 | D:2      | Reached XP level 4. HP: 30/33 MP: 1/5
  1537 | D:2      | Reached skill level 6 in Earth Magic
  1537 | D:2      | Reached XP level 5. HP: 38/38 MP: 4/6
  1894 | D:2      | Found a faded altar of an unknown god.
  2050 | D:2      | Noticed Jessica
  2052 | D:2      | Killed Jessica
  2158 | D:2      | Noticed Robin
  2162 | D:2      | Killed Robin
  2230 | D:2      | Reached skill level 7 in Earth Magic
  2238 | D:2      | Learned a level 3 spell: Stone Arrow
  3162 | D:3      | Reached XP level 6. HP: 45/45 MP: 5/8
  3189 | D:3      | Found a glowing drain.
  3193 | Sewer    | Entered a sewer
  3851 | Sewer    | Slain by a ball python

Illustrated notes

Levels and vault maps discovered:
D:1:      minmay_arrival_split_and_join, layout_loops_corners
D:2:      layout_basic, hellmonk_ecumenical_altar_prayer_group, uniq_robin,
          uniq_jessica
D:3:      layout_basic, gup_sewer_entry_spiral
Sewer:    sewer_frog_island_02

Skill      XL: |  1  2  3  4  5  6 |
---------------+-------------------+-----
Earth Magic    | 4 5 6 7 |  7.0
Spellcasting   | 2 3 |  3.0
Dodging        | |  1.7
Stealth        | |  2.1
Transmutations | |  0.8

Action                   |  1- 3 |  4- 6 || total
-------------------------+-------+-------++-------
Melee: Unarmed           |     5 |       ||     5
       Whip              |    27 |       ||    27
       Punch             |     1 |       ||     1
       Spear             |       |    35 ||    35
 Cast: Sandblast         |    38 |   119 ||   157
 Stab: Sleeping          |       |     1 ||     1
Armor: Robe              |    19 |    37 ||    56
Dodge: Dodged            |    42 |   126 ||   168

Table legend: (Time is in decaauts)
 A = Elapsed time spent in this place.
 B = Non-inter-level travel time spent in this place.
 C = Inter-level travel time spent in this place.
 D = Time resting spent in this place.
 E = Time spent auto-exploring this place.
 F = Levels seen in this place.
 G = Mean time per level.
                   A        B        C        D        E       F      G
               +--------+--------+--------+--------+--------+-----+--------+
         Total |   4089 |   4011 |     78 |    215 |   2964 |   4 | 1022.2 |
       Dungeon |   3311 |   3233 |     78 |    215 |   2411 |   3 | 1103.7 |
         Sewer |    778 |    778 |      0 |      0 |    553 |   1 |  778.0 |
               +--------+--------+--------+--------+--------+-----+--------+

Top non-repeatable levels by time:
     D:1: 1846 daAuts
     D:2: 1187 daAuts
   Sewer: 778 daAuts
     D:3: 276 daAuts
